 Dungeon Crawl Stone Soup version 0.29-a0-330-g52719c12eb (webtiles) character file.

Game seed: 6010445096874400803

627121 HendSelp the Axe Maniac (level 27, -4/245 HPs)
             Began as a Hill Orc Berserker on Apr 11, 2022.
             Was an Elder of Trog.
             Slain by a flayed ghost (29 damage)
             ... on level 5 of the Vaults on Apr 12, 2022.
             The game lasted 02:25:41 (86924 turns).

HendSelp the Axe Maniac (Hill Orc Berserker)       Turns: 86924, Time: 02:25:42

Health: -4/245     AC: 56    Str: 32    XL:     27
Magic:  4/11       EV: 18    Int: 14    God:    Trog [****..]
Gold:   1219       SH:  0    Dex: 10    Spells: 40/40 levels left

rFire   + + +      SeeInvis .   n - +8 executioner's axe (antimagic)
rCold   + + .      Faith    .   (shield currently unavailable)
rNeg    + + .      Spirit   .   t - +14 crystal plate armour
rPois   +          Reflect  .   U - -2 hat of the Alchemist {rElec rPois rF+ rC+ rN+ Will+ rMut rCorr}
rElec   +          Harm     .   z - +1 cloak of Starlight {*Dazzle EV+4 Stlth--}
rCorr   +          Rampage  ∞   e - +3 Mad Mage's Maulers {Infuse+∞ RegenMP Int-3}
rMut    +                       J - +3 pair of seven-league boots {Rampage+∞}
Will    +++++                   Y - amulet "Mueckatz" {+Inv Regen+ Int+7 Stlth-}
Stlth   ..........              V - ring "Zuxu" {Fly rF+ rN+ Int+3}
HPRegen 1.30/turn               C - ring "Zejeum" {Fly rElec rC+ Will+++ Str-2}
MPRegen 0.52/turn

@: flayed, on berserk cooldown, flying, slowed, studying Maces & Flails, very
slow
A: deterioration 1, fire resistance 1, frail 1, wild magic 1, evolution 1
}: 4/15 runes: decaying, slimy, abyssal, gossamer
a: Renounce Religion, Evoke Invisibility, Berserk, Trog's Hand, Brothers in Arms


You were on level 5 of the Vaults.
You worshipped Trog.
Trog was greatly pleased with you.
You visited 14 branches of the dungeon, and saw 59 of its levels.
You visited the Abyss 2 times.
You visited 1 bazaar.
You also visited: Ice Cave, Volcano and Desolation.

You collected 8654 gold pieces.
You spent 7435 gold pieces at shops.

Inventory:

Hand Weapons
 d - a +2 sacred scourge of holy wrath
 i - the +6 arbalest "Damnation" {damnation}
   (You found it on level 3 of the Vaults)

   Any ammunition fired from it explodes in a burst of damnation on striking a
   foe, dealing damage which bypasses armour.
 n - a +8 antimagic executioner's axe (weapon)
 M - a +9 vorpal executioner's axe
 W - a +2 executioner's axe of flaming
Missiles
 a - 4 throwing nets
Armour
 e - the +3 Mad Mage's Maulers (worn) {Infuse+∞ RegenMP Int-3}
   (You found it on level 2 of the Depths)

   It empowers its wearer's blows with all of their magic.
   It causes its wearer's magical reserves to regenerate more quickly.
   Int:       It affects your intelligence (-3).
 t - a +14 crystal plate armour (worn)
 w - a scarf of resistance
 z - the +1 cloak of Starlight (worn) {*Dazzle EV+4 Stlth--}
   (You bought it in a shop on level 2 of the Orcish Mines)

   It may blind those who miss an attack against the wearer in melee combat.
   EV:        It affects your evasion (+4).
   Stlth:     It makes you much less stealthy.
 J - the +3 pair of seven-league boots (worn) {Rampage+∞}
   (You found it on level 6 of the Lair of Beasts)

   Its wearer moves as far as possible in that direction when moving towards
   enemies.
 O - the +3 crown of Dyrovepreva {rElec Int+2 SInv}
   (You found it on level 4 of the Spider Nest)

   Int:       It affects your intelligence (+2).
   rElec:     It insulates you from electricity.
   SInv:      It lets you see invisible.
 U - the -2 hat of the Alchemist (worn) {rElec rPois rF+ rC+ rN+ Will+ rMut rCorr}
   (You found it on level 1 of the Vaults)

   rF:        It protects you from fire.
   rC:        It protects you from cold.
   rElec:     It insulates you from electricity.
   rPois:     It protects you from poison.
   rN:        It protects you from negative energy.
   rCorr:     It protects you from acid and corrosion.
   rMut:      It protects you from mutation.
   Will:      It increases your willpower.
Jewellery
 o - the ring "Momaloda" {rF++ rN+ rCorr Str+6 Dex-2}
   (You found it on level 5 of the Pits of Slime)

   [ring of strength]

   Str:       It affects your strength (+6).
   Dex:       It affects your dexterity (-2).
   rF:        It greatly protects you from fire.
   rN:        It protects you from negative energy.
   rCorr:     It protects you from acid and corrosion.
 A - the ring "Tomn" {Fire +Blink rElec rPois Str+8 Dex-3}
   (You bought it in a shop on level 3 of the Depths)

   [ring of fire]

   It enhances your fire magic.
   Str:       It affects your strength (+8).
   Dex:       It affects your dexterity (-3).
   rF:        It protects you from fire.
   rC:        It makes you vulnerable to cold.
   rElec:     It insulates you from electricity.
   rPois:     It protects you from poison.
   +Blink:    It lets you blink.
 B - the ring of the Camelopard {rN+ Will++ Int+3 Dex-5}
   (You found it on level 2 of the Depths)

   [ring of positive energy]

   Int:       It affects your intelligence (+3).
   Dex:       It affects your dexterity (-5).
   rN:        It protects you from negative energy.
   Will:      It greatly increases your willpower.
 C - the ring "Zejeum" (right hand) {Fly rElec rC+ Will+++ Str-2}
   (You bought it in a shop on level 3 of the Depths)

   [ring of flight]

   Str:       It affects your strength (-2).
   rC:        It protects you from cold.
   rElec:     It insulates you from electricity.
   Fly:       It grants you flight.
   Will:      It greatly increases your willpower.
 Q - the ring of Muunymya {rC+ rN+ Dex+5 Stlth+}
   (You found it on level 3 of the Crypt)

   [ring of positive energy]

   Dex:       It affects your dexterity (+5).
   rC:        It protects you from cold.
   rN:        It protects you from negative energy.
   Stlth:     It makes you more stealthy.
 V - the ring "Zuxu" (left hand) {Fly rF+ rN+ Int+3}
   (You found it on level 3 of the Crypt)

   [ring of positive energy]

   Int:       It affects your intelligence (+3).
   rF:        It protects you from fire.
   rN:        It protects you from negative energy.
   Fly:       It grants you flight.
 Y - the amulet "Mueckatz" (around neck) {+Inv Regen+ Int+7 Stlth-}
   (You found it in the Desolation of Salt)

   [amulet of regeneration]

   Int:       It affects your intelligence (+7).
   +Inv:      It lets you turn invisible.
   Regen:     It increases your rate of health regeneration.
   Stlth:     It makes you less stealthy.
Wands
 m - a wand of digging (14)
 q - a wand of acid (4)
 v - a wand of iceblast (57)
 y - a wand of flame (64)
 N - a wand of mindburst (19)
 R - a wand of polymorph (5)
 X - a wand of charming (6)
Scrolls
 b - 13 scrolls of teleportation
 g - a scroll of silence
 l - 6 scrolls of blinking
 r - 16 scrolls of fear
 u - 7 scrolls of fog
 E - 2 scrolls of holy word
 G - 2 scrolls of magic mapping
 K - 8 scrolls of immolation
 L - 4 scrolls of summoning
 S - 8 scrolls of brand weapon
Potions
 c - 6 potions of ambrosia
 f - 21 potions of curing
 h - 15 potions of lignification
 k - 2 potions of resistance
 p - 4 potions of attraction
 s - 3 potions of mutation
 D - 8 potions of might
 F - 8 potions of magic
 H - a potion of cancellation
 I - 9 potions of heal wounds
 P - 8 potions of haste
 T - 7 potions of berserk rage
 Z - a potion of invisibility
Miscellaneous
 j - a condenser vane


   Skills:
 O Level 27 Fighting
 O Level 27 Axes
 * Level 20.1 Crossbows
 O Level 27 Armour
 * Level 18.7 Dodging
 - Level 7.3 Spellcasting
 + Level 1.1 Evocations


You had 40 spell levels left.
You didn't know any spells.
Your spell library was empty.

Dungeon Overview and Level Annotations

Branches:
Dungeon (15/15)            Temple (1/1) D:5            Lair (6/6) D:10
  Swamp (4/4) Lair:2       Spider (4/4) Lair:2        Slime (5/5) Lair:5
    Orc (2/2) D:9             Elf (3/3) Orc:2        Vaults (5/5) D:14
  Crypt (3/3) Vaults:2       Tomb (0/3) Crypt:3      Depths (4/4) D:15
   Hell (visited)             Dis (0/7) Hell            Geh (1/7) Hell
    Coc (0/7) Hell            Tar (0/7) Hell            Zot (5/5) Depths:4
  IceCv (visited)         Volcano (visited)         Desolation (visited)

Altars:
Ashenzari
Cheibriados
Dithmenos
Elyvilon
Fedhas
Gozag
Hepliaklqana
Kikubaaqudgha
Makhleb
Nemelex Xobeh
Okawaru
Qazlal
Ru
Sif Muna
Trog
Uskayaw
Vehumet
Wu Jian
Xom
Yredelemnul
Zin
The Shining One

Shops:
D:3 ?   D:6 *[   D:8 [   D:14 *   Orc:1 [   Orc:2 [!::   Elf:2 =   Elf:3 :*
Zot:1 *   Depths:3 ==:   Depths:4 [=*[**

Portals:
Hell: Depths:1 Depths:2 Depths:3 Depths:4
Abyss: Depths:3
Pandemonium: Depths:1 Depths:2
Ziggurat: Depths:2


Innate Abilities, Weirdness & Mutations

Your body sometimes deteriorates upon taking damage.
Your flesh is heat resistant. (rF+)
You are frail. (-10% HP)
Your spells are a little harder to cast, but a little more powerful.
You have hidden genetic potential.


Message History

* * * LOW HITPOINT WARNING * * *
The tentacled monstrosity grabs you.
The tentacled monstrosity constricts you.
There is an escape hatch in the ceiling, spattered with blood here.
Unknown command.
Unknown command.
The tentacled monstrosity's grasp on you weakens, but your attempt to escape fails.
The ironbound convoker casts a spell at the flayed ghost.
The flayed ghost seems to grow stronger.
Something hits you but does no damage. The yaktaur captain closely misses you.
The tentacled monstrosity barely misses you.
The tentacled monstrosity tentacle-slaps you but does no damage.
The tentacled monstrosity tentacle-slaps you!
* * * LOW HITPOINT WARNING * * *
The tentacled monstrosity constricts you!
* * * LOW HITPOINT WARNING * * *
Something barely misses you. The flayed ghost closely misses you.
The ironbound convoker barely misses you.
You feel a genetic drift.
Unknown command.
Unknown command.
Unknown command.
Unknown command.
Unknown command.
Unknown command.
Unknown command.
Unknown command.
Blink to where?
Press: ? - help, Dir - move target You escape the tentacled monstrosity's grasp.
As you read the scroll of blinking, it crumbles to dust.
The yaktaur captain shoots a bolt.
The bolt hits you.
* * * LOW HITPOINT WARNING * * *
The yaktaur captain shoots a bolt.
The bolt hits you!!
* * * LOW HITPOINT WARNING * * *
The yaktaur captain wields a +0 arbalest.
The yaktaur captain shoots a bolt.
The bolt closely misses you.
The ironbound convoker's magic is no longer disrupted.
The flayed ghost hits you!!
You die...

#....# ..#....# .
#.#....#.....
#.#....#.....
.###.#....#....
...............
#####........######
......[[@W.........
......[<[Xp........
......[Dcc.........
............[......
#####........########
#?.........c[.....#
#...#....#())....#.
#.#.#....#)..)..#..
#.#.#....#.)|).#....


You could see a shadow dragon, a tentacled monstrosity (strong), 3 yaktaur
captains, a flayed ghost (strong) and an ironbound convoker.

Vanquished Creatures
  the Royal Jelly (Slime:5)
  The ghost of Ytolar the Conqueror, a legendary DsFi of Jiyva (Zot:5)
  3 orbs of fire
  3 ancient liches
  Sojobo (Vaults:3)
  Bai Suzhen (Swamp:3)
  Vv (Zot:2)
  the Lernaean hydra (Swamp:4)
  A curse toe (Zot:4)
  Geryon (Hell)
  Xtahua (Depths:4)
  A profane servitor (Crypt:3)
  Jory (Crypt:1)
  7 golden dragons
  Nikola (Swamp:2)
  A bone dragon (Crypt:3)
  2 electric golems
  Rupert (D:14)
  3 hellephants
  2 searing wretches (Geh:1)
  Jorgrun (D:15)
  A walking crystal tome (Depths:2)
  13 tentacled monstrosities
  23 acid blobs
  6 liches
  Asterion (Spider:3)
  2 deep elf blademasters
  2 titans
  4 quicksilver dragons
  A deep elf master archer (Elf:3)
  2 Executioners (Abyss:3)
  6 death cobs
  7 sphinxes
  A thorn hunter (Swamp:2)
  15 tentacled starspawn
  Gastronok (D:10)
  Kirke (Lair:4)
  9 tengu reavers
  Roxanne (Elf:1)
  Agnes (D:14)
  3 shadow dragons
  3 draconian monks (Zot:4)
  12 storm dragons
  A revenant (Crypt:1)
  2 fenstrider witches
  11 azure jellies
  7 deep elf sorcerers
  A balrug (Abyss:3)
  4 draconian knights
  10 frost giants
  19 rockslimes
  2 imperial myrmidons (Desolation)
  8 fire giants
  13 vault wardens
  An iron dragon (Depths:1)
  4 emperor scorpions
  Louise (Swamp:2)
  5 draconian shifters
  2 curse skulls (Crypt:3)
  15 ghouls
  Aizul (Swamp:2)
  6 ghost moths
  An angel (Abyss:2)
  6 deep elf elementalists
  3 caustic shrike zombies
  2 draconian scorchers
  An orc warlord (Orc:1)
  2 draconian stormcallers
  19 ironbound preservers
  A juggernaut zombie (Crypt:3)
  2 spriggan defenders (Depths:4)
  7 broodmothers
  2 war gargoyles (Vaults:3)
  16 very ugly things
  2 draconian annihilators
  9 ironbound thunderhulks
  An ophan (Abyss:3)
  16 stone giants
  10 quicksilver oozes
  5 reapers
  5 vampire knights
  8 deep elf demonologists
  2 lorocyprocas
  Nessos (D:12)
  11 deep elf annihilators
  4 black draconians
  7 green draconians
  7 red draconians
  Azrael (D:14)
  2 halazid warlocks (Desolation)
  A spark wasp (shapeshifter) (Depths:2)
  2 eleionomae
  2 bunyips (Swamp:1)
  2 entropy weavers
  9 spark wasps
  12 white draconians
  2 purple draconians
  A wendigo (Hell)
  12 yellow draconians
  7 eidola
  11 dire elephants
  3 blizzard demons (Abyss:3)
  6 crystal guardians
  10 ettins
  3 deep elf death magi
  12 jiangshi
  A mummy priest (Crypt:3)
  6 ragged hierophants (Desolation)
  A quicksilver dragon zombie (Crypt:1)
  3 fire dragons
  Josephine (D:14)
  5 deep elf high priests
  Harold (D:9)
  28 vault guards
  13 great orbs of eyes
  12 yaktaur captains
  3 naga warriors (Abyss:3)
  4 rakshasas
  11 servants of whispers (Desolation)
  26 hydras
  6 ice dragons
  2 salamander tyrants (Geh:1)
  3 spriggan zombies
  A spriggan skeleton (Abyss:3)
  12 boulder beetles
  2 fenstrider witch zombies
  3 catoblepae
  4 radroaches
  A juggernaut simulacrum (Depths:3)
  7 two-headed ogres
  17 peacekeepers
  2 jorogumos
  A fenstrider witch skeleton (Crypt:1)
  3 ghost crabs
  5 spriggan air magi
  12 ironbound frosthearts
  3 caustic shrike simulacra (IceCv)
  8 death knights
  13 centaur warriors
  An anaconda (Lair:6)
  43 dancing weapons
  6 alligators
  6 deep troll shamans
  9 tengu warriors
  15 death yaks (Lair:6)
  Urug (Lair:4)
  14 deep troll earth magi
  16 hell hogs
  2 titan zombies (Crypt:3)
  5 orc high priests (Orc:2)
  16 thrashing horrors (Abyss:3)
  9 vampire magi
  A shock serpent (shapeshifter) (Vaults:3)
  36 hell knights
  13 deep elf knights
  7 spriggan berserkers
  3 soul eaters
  9 sun demons
  A fire crab (shapeshifter) (Elf:3)
  5 sixfirhies (Abyss:3)
  4 sun moths
  13 iron trolls
  An anaconda zombie (Crypt:3)
  20 skeletal warriors
  7 goliath frogs
  The ghost of sirJeffrey23 the Insei, a novice DsMo (D:6)
  2 shadow wraiths (Crypt:2)
  7 pharaoh ants
  16 wretched stars
  A titan skeleton (Abyss:3)
  An iron giant zombie (Crypt:3)
  A deep troll (shapeshifter) (Depths:2)
  3 spatial maelstroms (Abyss:3)
  56 deep trolls
  6 steelbarb worms
  A golden dragon zombie (Crypt:2)
  2 bunyip zombies (Crypt:3)
  15 bog bodies
  7 orb spiders
  4 orange crystal statues (Hell)
  11 flayed ghosts
  7 glowing orange brains
  6 spriggan druids
  8 deep elf archers
  An iron dragon zombie (Crypt:3)
  10 wizards
  27 phantasmal warriors
  A lindwurm (Lair:5)
  9 swamp dragons
  Pikel (D:5)
  A spriggan simulacrum (Crypt:2)
  28 deep elf pyromancers
  3 obsidian statues
  A sphinx zombie (Vaults:1)
  23 ironbound convokers
  A harpy (shapeshifter) (Elf:3)
  A wolf spider (shapeshifter) (Abyss:3)
  9 shining eyes
  23 deep elf zephyrmancers
  9 orc knights
  14 necromancers
  An oklob plant (Lair:4)
  An orc sorcerer (Abyss:3)
  26 wolf spiders
  22 ugly things
  4 cyclopes
  21 moths of wrath
  7 will-o-the-wisps
  A fire giant zombie (Depths:3)
  7 manticores
  3 worldbinders (Abyss:3)
  2 moths of wrath (shapeshifter)
  7 elephants
  An iron dragon skeleton (Depths:3)
  17 vault sentinels
  9 black mambas
  A rust devil (Abyss:3)
  3 stone giant skeletons
  A black mamba (shapeshifter) (Elf:1)
  8 torpor snails
  An eye of devastation (shapeshifter) (D:14)
  6 guardian serpents
  14 smoke demons
  2 centaur zombies
  2 eyes of devastation
  10 cane toads
  6 demonic crawlers
  4 gargoyles
  3 unseen horrors
  4 molten gargoyles (Hell)
  2 orange demons
  A torpor snail (shapeshifter) (Depths:2)
  2 rime drakes
  3 kobold demonologists
  A yaktaur (shapeshifter) (D:14)
  17 freezing wraiths
  2 efreet
  A catoblepas skeleton (Crypt:1)
  3 ice devils
  3 hellions
  19 yaktaurs
  5 tengu conjurers
  8 komodo dragons
  2 red devils (Hell)
  2 hellwings (Abyss:3)
  2 golden dragon simulacra (IceCv)
  44 starcursed masses
  11 ancient zymes
  A bunyip simulacrum (Hell)
  A queen bee (D:11)
  A red draconian skeleton (Crypt:2)
  2 guardian mummies (Crypt:3)
  A tengu simulacrum (Depths:3)
  A polar bear (shapeshifter) (D:13)
  8 trolls
  A harpy zombie (Crypt:3)
  A sea snake skeleton (Crypt:2)
  9 polar bears
  28 tarantellas
  A wolf spider simulacrum (D:15)
  5 meliai
  40 raiju
  4 tyrant leeches
  2 harpy skeletons
  74 saltlings (Desolation)
  18 hornets
  26 blink frogs
  19 dream sheep
  40 large abominations
  A dream sheep (shapeshifter) (Vaults:5)
  114 slime creatures
  A stone giant simulacrum (Hell)
  12 flying skulls
  38 jumping spiders
  A black mamba zombie (Crypt:2)
  An ice dragon skeleton (Crypt:1)
  6 shadows
  5 water elementals
  3 air elementals
  32 culicivoras
  29 spriggans
  An ushabti (Crypt:3)
  A vampire (D:10)
  39 yaks
  Sigmund (D:3)
  18 wraiths
  A wyvern (Lair:2)
  27 small abominations
  2 dire elephant simulacra
  9 fire elementals
  16 humans (D:14)
  9 ynoxinuls
  4 hogs (Lair:4)
  Eustachio (D:5)
  2 fire bats (Abyss:3)
  A yak (shapeshifter) (D:15)
  6 basilisks
  8 golden eyes
  10 chaos spawn
  19 vampire mosquitoes
  57 redbacks
  8 neqoxecs
  8 spatial vortices (Abyss:3)
  2 steam dragons (D:9)
  15 swamp worms
  Edmund (D:5)
  Menkaure (D:5)
  3 harpy simulacra
  A minotaur simulacrum (IceCv)
  5 acid dragons
  2 hydra simulacra (IceCv)
  2 wargs
  6 hell hounds
  A naga (Depths:4)
  2 deep troll zombies
  3 human zombies
  8 swamp drakes
  11 water moccasins
  35 orc warriors
  3 ettin simulacra (IceCv)
  2 ice beasts
  5 black bears
  A fire dragon simulacrum (Crypt:1)
  6 ogres
  8 boggarts
  26 wolves
  2 lemures (D:5)
  3 phantoms
  12 centaurs
  Blork the orc (D:5)
  9 bullfrogs
  2 kobold brigands
  14 necrophages
  5 gnoll sergeants
  A scorpion (D:6)
  A deep troll simulacrum (IceCv)
  11 earth elementals
  A human skeleton (Vaults:1)
  8 wyvern skeletons (Crypt:3)
  11 wights
  37 killer bees
  9 howler monkeys
  A wolf zombie (Crypt:1)
  3 electric eels (Lair:1)
  A crimson imp (Abyss:3)
  5 quasits
  6 iron imps
  6 jellies
  A gnoll shaman (D:5)
  26 orc priests
  3 hounds
  14 hell rats
  2 iguanas (D:5)
  17 orc wizards
  3 naga zombies
  17 gnolls
  13 adders
  9 river rats (Lair:5)
  A steam dragon zombie (Crypt:2)
  4 shadow imps
  5 white imps (Abyss:3)
  5 ufetubi
  An adder skeleton (Crypt:2)
  3 worms
  3 dart slugs
  82 orcs
  8 ball pythons
  6 endoplasms
  A giant cockroach (D:3)
  7 hobgoblins
  19 kobolds
  4 quokkas
  8 bats
  2 frilled lizards (D:1)
  A gnoll skeleton (Crypt:2)
  10 goblins
  12 rats
  8 briar patches (Swamp:2)
  7 fire vortices (Geh:1)
  A lurking horror (Abyss:3)
  17 starspawn tentacles
  A withered plant (Crypt:3)
3026 creatures vanquished.

Vanquished Creatures (others)
  A vault warden (Vaults:5)
  A hydra (Swamp:4)
  A thrashing horror (Abyss:3)
  A mana viper (Abyss:3)
  A tyrant leech (Swamp:2)
  A raiju (Abyss:3)
  A saltling (Desolation)
  An air elemental (Elf:2)
  A golden eye (Abyss:3)
  A small abomination (Abyss:3)
  A creeping inferno (Geh:1)
  32 foxfires
  59 fungi
  A lurking horror (Abyss:3)
  94 plants
  18 starspawn tentacles
  6 withered plants (Crypt:3)
221 creatures vanquished.

Grand Total: 3247 creatures vanquished

Notes
Turn   | Place    | Note
-------+----------+-------------------------------------------
     0 | D:1      | HendSelp the Hill Orc Berserker began the quest for the
                  | Orb.
     0 | D:1      | Reached XP level 1. HP: 19/19 MP: 1/1
   259 | D:1      | Reached XP level 2. HP: 24/27 MP: 2/2
   748 | D:1      | You fall into a shaft and drop 1 floor!
   760 | D:2      | Reached XP level 3. HP: 23/33 MP: 3/3
  1036 | D:2      | Reached ** piety under Trog
  1080 | D:2      | Reached skill level 5 in Axes
  1506 | D:2      | Reached XP level 4. HP: 41/41 MP: 4/4
  1649 | D:1      | Found a faded altar of an unknown god.
  2529 | D:3      | Found Nanlachac's Magic Scroll Shoppe.
  2538 | D:3      | Noticed Sigmund
  2548 | D:3      | Killed Sigmund
  2549 | D:3      | Reached skill level 5 in Fighting
  2549 | D:3      | Reached XP level 5. HP: 48/48 MP: 5/5
  2549 | D:3      | Reached XP level 6. HP: 56/56 MP: 6/6
  3416 | D:4      | Reached *** piety under Trog
  4110 | D:5      | Entered Level 5 of the Dungeon
  4110 | D:5      | Noticed Menkaure
  4114 | D:5      | Killed Menkaure
  4115 | D:5      | Reached XP level 7. HP: 61/61 MP: 7/7
  4210 | D:5      | Noticed Eustachio
  4219 | D:5      | Killed Eustachio
  4404 | D:5      | Noticed Pikel
  4417 | D:5      | Killed Pikel
  4418 | D:5      | Reached skill level 10 in Axes
  4418 | D:5      | Reached skill level 5 in Armour
  4418 | D:5      | Reached XP level 8. HP: 71/71 MP: 8/8
  4420 | D:5      | Noticed Blork the orc
  4427 | D:5      | Killed Blork the orc
  4764 | D:5      | Noticed Edmund
  4783 | D:5      | Killed Edmund
  5353 | D:5      | Reached XP level 9. HP: 79/79 MP: 9/9
  5712 | D:5      | Found a staircase to the Ecumenical Temple.
  5957 | D:6      | Found Juwop's Elemental Accessories.
  5965 | D:6      | Found Vaigaceh's Antique Armour Emporium.
  6218 | D:6      | Noticed sirJeffrey23's ghost (novice DsMo)
  6225 | D:6      | Found a transporter.
  6228 | D:6      | Found a transporter.
  6444 | Temple   | Entered the Ecumenical Temple
  6948 | D:7      | Reached **** piety under Trog
  7230 | D:7      | Found a glowing silver altar of Zin.
  7384 | D:8      | Reached XP level 10. HP: 90/90 MP: 10/10
  7513 | D:8      | Found Roregius's Armour Shop.
  8178 | D:8      | Noticed a two-headed ogre
  8191 | D:8      | Killed a two-headed ogre
  8664 | D:9      | Noticed Harold
  8685 | D:9      | Killed Harold
  8686 | D:9      | Reached skill level 15 in Axes
  8926 | D:9      | Noticed a two-headed ogre
  8935 | D:9      | Killed a two-headed ogre
  8936 | D:9      | Reached skill level 10 in Fighting
  8936 | D:9      | Reached XP level 11. HP: 50/100 MP: 11/11
  9401 | D:9      | Found a staircase to the Orcish Mines.
  9614 | D:9      | Noticed a two-headed ogre
  9624 | D:9      | Killed a two-headed ogre
  9743 | D:10     | Entered Level 10 of the Dungeon
 10145 | D:10     | Noticed Gastronok
 10161 | D:10     | Killed Gastronok
 10162 | D:10     | Reached skill level 10 in Armour
 10471 | D:10     | Identified the ring "Xone Zobu" {rC+ Will+ Str-5 Dex+3}
 10478 | D:10     | Noticed a two-headed ogre
 10546 | D:10     | Noticed a tengu warrior
 11104 | D:10     | Found a staircase to the Lair.
 11378 | D:10     | Killed a tengu warrior
 11768 | D:10     | Reached XP level 12. HP: 80/110 MP: 12/12
 11792 | D:10     | Killed a two-headed ogre
 11825 | D:10     | Paralysed by a hornet for 1 turns
 11832 | D:10     | Noticed a two-headed ogre
 11861 | D:10     | Killed a two-headed ogre
 12255 | D:11     | Noticed a seven-headed hydra
 12273 | D:11     | Killed an 11-headed hydra
 12459 | D:11     | Noticed a boulder beetle
 12470 | D:11     | Killed a boulder beetle
 13678 | Lair:1   | Entered Level 1 of the Lair of Beasts
 13776 | Lair:1   | Upgraded the game from 0.29-a0-323-g050149af67 to
                  | 0.29-a0-330-g52719c12eb
 14453 | Lair:1   | Reached XP level 13. HP: 95/122 MP: 13/13
 14583 | Lair:1   | Reached ***** piety under Trog
 15434 | Lair:2   | Found a staircase to the Swamp.
 15582 | Lair:2   | Found a dark tunnel.
 15602 | Volcano  | Entered a volcano
 15748 | Volcano  | Identified the -1 helmet "Qilyxew" {rC+}
 16128 | Lair:2   | Found a hole to the Spider Nest.
 18092 | Lair:4   | Found a shimmering blue altar of Sif Muna.
 18577 | Lair:4   | Noticed Kirke
 19021 | Lair:4   | Noticed Urug
 19045 | Lair:4   | Killed Urug
 19560 | Lair:4   | You fall into a shaft and drop 1 floor!
 19571 | Lair:5   | Found a staircase to the Slime Pits.
 19698 | Lair:4   | Reached skill level 15 in Fighting
 19715 | Lair:4   | Killed Kirke
 19716 | Lair:4   | Reached XP level 14. HP: 135/135 MP: 14/14
 20979 | Lair:6   | Entered Level 6 of the Lair of Beasts
 22300 | Lair:6   | Received a gift from Trog
 23039 | Lair:6   | Reached XP level 15. HP: 130/147 MP: 15/15
 24103 | Lair:6   | Found the +3 pair of seven-league boots {Rampage+∞}
 24432 | Orc:1    | Entered Level 1 of the Orcish Mines
 24481 | Orc:1    | Found Kaly's Antique Armour Shop.
 24834 | Orc:1    | Noticed an orc warlord
 24852 | Orc:1    | Killed an orc warlord
 25114 | Orc:2    | Entered Level 2 of the Orcish Mines
 25128 | Orc:2    | Received a gift from Trog
 25211 | Orc:2    | Found a staircase to the Elven Halls.
 25456 | Orc:2    | Reached skill level 15 in Armour
 26489 | Orc:2    | Found Wurin's Distillery.
 26492 | Orc:2    | Found Sebuvem's Book Shoppe.
 26493 | Orc:2    | Found Hinail's Armour Emporium.
 26494 | Orc:2    | Found Oshef's Book Emporium.
 27190 | D:12     | Received a gift from Trog
 27724 | D:12     | Noticed Nessos
 27731 | D:12     | Killed Nessos
 27845 | D:12     | Reached XP level 16. HP: 159/159 MP: 16/16
 28043 | D:6      | Bought a runed crystal plate armour for 2324 gold pieces
 28115 | D:6      | Killed sirJeffrey23's ghost
 28490 | D:13     | Received a gift from Trog
 29362 | D:14     | Noticed Rupert
 29362 | D:14     | Found a gate to the Vaults.
 29366 | D:14     | Noticed Agnes
 29366 | D:14     | Noticed Josephine
 29371 | D:14     | Found a flickering gateway to a bazaar.
 29377 | Bazaar   | Entered a bazaar
 29377 | Bazaar   | Found Hoshohyo's Antique Armour Boutique.
 29377 | Bazaar   | Found Coseuf's Magic Scroll Boutique.
 29460 | Bazaar   | Found Haixel Dyx's Book Shop.
 29468 | Bazaar   | Found Kuorchoon's Antique Weapon Shop.
 29482 | Bazaar   | Found Ido Zurgh's General Store.
 29787 | D:14     | Killed Agnes
 29828 | D:14     | Killed Josephine
 29862 | D:14     | Noticed Azrael
 29880 | D:14     | Killed Azrael
 30222 | D:14     | Killed Rupert
 30237 | D:14     | Received a gift from Trog
 30396 | D:14     | Found a runed translucent door.
 30717 | D:14     | Found Jichixt's Assorted Antiques.
 30977 | D:14     | Found a hide-covered altar of Uskayaw.
 31087 | D:15     | Entered Level 15 of the Dungeon
 31166 | D:15     | Noticed Jorgrun
 31177 | D:15     | Killed Jorgrun
 31262 | D:15     | Found a staircase to the Depths.
 31789 | D:15     | Reached XP level 17. HP: 171/171 MP: 5/17
 32253 | D:15     | Found a shimmering blue altar of Sif Muna.
 32750 | Spider:1 | Entered Level 1 of the Spider Nest
 32990 | Spider:1 | Found a transporter.
 33136 | Spider:1 | Found a transporter.
 33601 | Spider:1 | Received a gift from Trog
 34215 | Orc:2    | Bought the +1 cloak of Starlight {*Dazzle EV+4 Stlth--} for
                  | 335 gold pieces
 34215 | Orc:2    | Found the +1 cloak of Starlight {*Dazzle EV+4 Stlth--}
 34783 | Spider:2 | Found a frozen archway.
 34796 | IceCv    | Entered an ice cave
 36092 | Spider:2 | Reached ****** piety under Trog
 36853 | Spider:2 | Received a gift from Trog
 37485 | Spider:3 | Noticed Asterion
 37500 | Spider:3 | Reached XP level 18. HP: 184/184 MP: 6/18
 37507 | Spider:3 | Killed Asterion
 37561 | Spider:3 | Identified the +7 battleaxe "Killer Bee's Bane" {vorpal,
                  | Will- Dex+9}
 38030 | Spider:4 | Entered Level 4 of the Spider Nest
 39019 | Spider:4 | Received a gift from Trog
 39642 | Spider:4 | Found the +3 crown of Dyrovepreva {rElec Int+2 SInv}
 39665 | Spider:4 | Identified the +0 hat of the World {Str+6}
 39696 | Spider:4 | Got a gossamer rune of Zot
 40278 | Swamp:1  | Entered Level 1 of the Swamp
 40282 | Swamp:1  | Reached skill level 27 in Axes
 40889 | Swamp:1  | Received a gift from Trog
 41070 | Swamp:1  | Paralysed by a fenstrider witch for 4 turns
 41082 | Swamp:1  | Paralysed by a fenstrider witch for 4 turns
 42008 | Swamp:2  | Noticed Louise
 42015 | Swamp:2  | Killed Louise
 42085 | Swamp:2  | Reached XP level 19. HP: 198/198 MP: 19/19
 42179 | Swamp:2  | Noticed Aizul
 42190 | Swamp:2  | Killed Aizul
 42493 | Swamp:2  | Noticed Nikola
 42504 | Swamp:2  | Killed Nikola
 43177 | Swamp:3  | Noticed Bai Suzhen
 43197 | Swamp:3  | Killed Bai Suzhen
 43579 | Swamp:4  | Entered Level 4 of the Swamp
 43650 | Swamp:4  | Received a gift from Trog
 44681 | Swamp:4  | Noticed the 27-headed Lernaean hydra
 44689 | Swamp:4  | Killed the 23-headed Lernaean hydra
 44691 | Swamp:4  | Got a decaying rune of Zot
 45309 | Vaults:1 | Entered Level 1 of the Vaults
 45796 | Vaults:1 | Received a gift from Trog
 45883 | Vaults:1 | Reached XP level 20. HP: 202/212 MP: 20/20
 46656 | Vaults:1 | Received a gift from Trog
 47164 | Vaults:1 | Found the -2 hat of the Alchemist {rElec rPois rF+ rC+ rN+
                  | Will+ rMut rCorr}
 47328 | Vaults:2 | Found a crumbling gateway.
 47343 | Desolati | Entered the Desolation of Salt
 47507 | Desolati | Reached skill level 27 in Fighting
 47593 | Desolati | Identified the ring of the Sneaky Scars {Ice Str+4}
 47793 | Desolati | Received a gift from Trog
 47903 | Desolati | Found the +7 captain's cutlass {speed, disarm}
 47908 | Desolati | Identified the amulet "Amoaluit" {Acrobat Int+3}
 48215 | Desolati | Identified the +5 arbalest of Piwitirr {freeze, Dex+4}
 48217 | Desolati | Identified the ring "Ridi" {rElec rPois rF- rN+ Str+2}
 48220 | Desolati | Identified the amulet "Mueckatz" {+Inv Regen+ Int+7 Stlth-}
 48222 | Desolati | Identified the +1 robe "Suahav" {Will+ Str+6 Archmagi}
 48276 | Desolati | Reached XP level 21. HP: 173/217 MP: 7/21
 48569 | Desolati | Received a gift from Trog
 48862 | Vaults:2 | Found a staircase to the Crypt.
 49975 | Vaults:3 | Received a gift from Trog
 50549 | Vaults:3 | Found the +6 arbalest "Damnation" {damnation}
 50579 | Vaults:3 | Noticed Sojobo
 50589 | Vaults:3 | Paralysed by an air elemental for 1 turns
 50636 | Vaults:3 | Killed Sojobo
 51636 | Vaults:3 | Received a gift from Trog
 52196 | Vaults:4 | Reached XP level 22. HP: 129/233 MP: 7/22
 52954 | Vaults:4 | Received a gift from Trog
 53714 | Depths:1 | Entered Level 1 of the Depths
 53781 | D:14     | Bought 3 scrolls of enchant armour for 900 gold pieces
 53990 | D:3      | Bought a scroll of enchant armour for 75 gold pieces
 53990 | D:3      | Bought a scroll of enchant weapon for 75 gold pieces
 54072 | D:6      | Bought a pair of runed gloves for 210 gold pieces
 54762 | Depths:1 | Found a stormy altar of Qazlal.
 54896 | Depths:1 | Found a one-way gate leading to the halls of Pandemonium.
 54962 | Depths:1 | Identified the +3 chain mail of the Moneychanger {Harm
                  | +Blink rElec Regen+}
 55047 | Depths:1 | Found a shimmering blue altar of Sif Muna.
 55318 | Depths:1 | Noticed an ancient lich
 55320 | Depths:1 | Noticed an ancient lich
 55326 | Depths:1 | Killed an ancient lich
 55339 | Depths:1 | Killed an ancient lich
 55889 | Depths:1 | Received a gift from Trog
 56237 | Depths:1 | Reached skill level 1 in Crossbows
 56300 | Depths:1 | Found a gateway to Hell.
 56810 | Depths:2 | Reached skill level 27 in Armour
 57435 | Depths:2 | Found a one-way gateway to a ziggurat.
 57617 | Depths:2 | Reached XP level 23. HP: 228/240 MP: 7/23
 57733 | Depths:2 | Reached skill level 5 in Crossbows
 58045 | Depths:2 | Found the +3 Mad Mage's Maulers {Infuse+∞ RegenMP Int-3}
 58047 | Depths:2 | Noticed a golden dragon
 58062 | Depths:2 | Killed a golden dragon
 58088 | Depths:2 | Identified the ring of the Camelopard {rN+ Will++ Int+3
                  | Dex-5}
 58293 | Depths:2 | Received a gift from Trog
 58864 | Depths:3 | Found a white marble altar of Elyvilon.
 59597 | Elf:1    | Entered Level 1 of the Elven Halls
 59717 | Elf:1    | Reached skill level 1 in Spellcasting
 59720 | Elf:1    | Identified Roxanne's Tome of Moulding
 59720 | Elf:1    | Noticed Roxanne
 59748 | Elf:1    | Killed Roxanne
 60020 | Elf:1    | Found a runed translucent door.
 60691 | Elf:2    | Found Cusiwie's Jewellery Shop.
 60701 | Elf:2    | Received a gift from Trog
 60855 | Elf:2    | Paralysed by an air elemental for 1 turns
 60893 | Elf:2    | Paralysed by an air elemental for 1 turns
 61366 | Elf:2    | Found a huge runed translucent gate.
 61366 | Elf:2    | Found a huge runed translucent gate.
 61366 | Elf:2    | Found a huge runed translucent gate.
 61366 | Elf:2    | Found a huge runed translucent gate.
 61367 | Elf:2    | Found a huge runed translucent gate.
 61454 | Elf:2    | Reached skill level 5 in Dodging
 61972 | Elf:3    | Entered Level 3 of the Elven Halls
 62140 | Elf:3    | Found Obot's Book Shop.
 62245 | Elf:3    | Found a runed translucent gate.
 62245 | Elf:3    | Found a runed translucent gate.
 62245 | Elf:3    | Found a runed translucent gate.
 62309 | Elf:3    | Bought a manual of Dodging for 880 gold pieces
 62343 | Elf:3    | Reached skill level 10 in Crossbows
 62377 | Elf:3    | Reached XP level 24. HP: 249/249 MP: 0/29
 62469 | Elf:3    | Received a gift from Trog
 62975 | Elf:3    | Identified the +1 trident "Ecaleqos" {vorpal, rN++ MP-9}
 63049 | Elf:3    | Found Qybryr's Assorted Antiques.
 63389 | Elf:3    | Identified the +5 scale mail of the Arcane {Contam rN+
                  | Dex+5}
 63702 | Elf:3    | Found the +10 tower shield of Ignorance {rN+ Int-4}
 63722 | Elf:3    | Identified the +8 flail of Purpose {freeze, Str+5}
 64498 | Crypt:1  | Entered Level 1 of the Crypt
 64627 | Crypt:1  | Reached skill level 10 in Dodging
 64649 | Crypt:1  | Noticed Jory
 64665 | Crypt:1  | Killed Jory
 64665 | Crypt:1  | Received a gift from Trog
 65552 | Elf:2    | Bought a ring of see invisible for 225 gold pieces
 67253 | Crypt:3  | Entered Level 3 of the Crypt
 68185 | Crypt:3  | Identified the ring of Departure {Ice rCorr Stlth+}
 68291 | Crypt:3  | Found a basalt altar of Yredelemnul.
 68721 | Crypt:3  | Reached XP level 25. HP: 144/257 MP: 1/29
 69440 | Crypt:3  | Received a gift from Trog
 69636 | Crypt:3  | Found a staircase to the Tomb.
 69952 | Crypt:3  | Identified the ring of Muunymya {rC+ rN+ Dex+5 Stlth+}
 69952 | Crypt:3  | Identified the ring "Helustruy" {rF- rN+ Str+3 Dex+2}
 69952 | Crypt:3  | Identified the ring "Zuxu" {Fly rF+ rN+ Int+3}
 71965 | Depths:3 | Found a one-way gate to the infinite horrors of the Abyss.
 72764 | Depths:3 | Found Qununit's Book Boutique.
 72764 | Depths:3 | Found Gedyxzeo's Jewellery Emporium.
 72765 | Depths:3 | Found Doit's Jewellery Emporium.
 72779 | Depths:3 | Bought the ring "Zejeum" {Fly rElec rC+ Will+++ Str-2} for
                  | 1137 gold pieces
 72830 | Depths:4 | Entered Level 4 of the Depths
 72874 | Depths:4 | Found a gate to the Realm of Zot.
 72914 | Depths:4 | Cast into level 2 of the Abyss (spriggan defender)
 73467 | Abyss:2  | Gained mutation: Your natural rate of healing is unusually
                  | fast. [a neqoxec]
 73593 | Abyss:2  | Paralysed by accursed screaming for 1 turns
 73600 | Depths:4 | Escaped the Abyss
 73617 | Depths:4 | Received a gift from Trog
 73673 | Depths:4 | Reached skill level 15 in Crossbows
 73729 | Depths:4 | Found Cuusso's Antique Armour Shoppe.
 73930 | Depths:4 | Noticed Xtahua
 73934 | Depths:4 | Killed Xtahua
 74131 | Depths:4 | Found Xeis's Antique Armour Boutique.
 74131 | Depths:4 | Found Emnosu's Assorted Antiques.
 74132 | Depths:4 | Found Zubremi's Jewellery Shop.
 74134 | Depths:4 | Found Vukailof's Assorted Antiques.
 74263 | Depths:4 | Found a blossoming altar of Fedhas.
 74318 | Depths:4 | Found Aschu's Serpentskin Sales.
 74951 | Slime:1  | Entered Level 1 of the Pits of Slime
 75230 | Slime:1  | Gained mutation: You are frail. (-10% HP) [a shining eye]
 75664 | Slime:2  | Received a gift from Trog
 75826 | Slime:2  | Reached XP level 26. HP: 232/239 MP: 0/29
 75957 | Slime:2  | Gained mutation: Armour fits poorly on your strangely
                  | shaped body. [a shining eye]
 75967 | Slime:2  | Lost mutation: Armour fits poorly on your strangely shaped
                  | body. [potion of mutation]
 75967 | Slime:2  | Lost mutation: Your natural rate of healing is unusually
                  | fast. [potion of mutation]
 75967 | Slime:2  | Gained mutation: You have hidden genetic potential. [potion
                  | of mutation]
 75967 | Slime:2  | Gained mutation: You are weak. (Str -2) [potion of
                  | mutation]
 75967 | Slime:2  | Gained mutation: Your system is resistant to poisons.
                  | (rPois) [potion of mutation]
 75968 | Slime:2  | Lost mutation: You are frail. (-10% HP) [potion of
                  | mutation]
 75968 | Slime:2  | Lost mutation: You are weak. (Str -2) [potion of mutation]
 75968 | Slime:2  | Lost mutation: Your system is resistant to poisons. (rPois)
                  | [potion of mutation]
 75968 | Slime:2  | Gained mutation: You possess an exceptional clarity of
                  | mind. [potion of mutation]
 75968 | Slime:2  | Gained mutation: Your muscles are strong. (Str +2) [potion
                  | of mutation]
 75968 | Slime:2  | Lost mutation: You possess an exceptional clarity of mind.
                  | [potion of mutation]
 75968 | Slime:2  | Gained mutation: You have a beak for a mouth. [potion of
                  | mutation]
 76350 | Slime:4  | Received a gift from Trog
 76433 | Slime:4  | Reached skill level 15 in Dodging
 77027 | Slime:5  | Entered Level 5 of the Pits of Slime
 77125 | Slime:5  | Gained mutation: Your magical capacity is low. (-10% MP) [a
                  | shining eye]
 77160 | Slime:5  | Noticed the Royal Jelly
 77194 | Slime:5  | Killed the Royal Jelly
 77378 | Slime:5  | Identified the +6 flail of Routu {vorpal, rC- Will+ Str+4
                  | Dex+4}
 77413 | Slime:5  | Identified the +0 plate armour of the Beginning {Drain rF+
                  | rC+}
 77466 | Slime:5  | Got a slimy rune of Zot
 77482 | Slime:5  | Identified the ring "Momaloda" {rF++ rN+ rCorr Str+6 Dex-2}
 78364 | Depths:3 | Bought the ring "Tomn" {Fire +Blink rElec rPois Str+8
                  | Dex-3} for 1274 gold pieces
 78415 | Zot:1    | Entered Level 1 of the Realm of Zot
 78447 | Zot:1    | Received a gift from Trog
 78781 | Zot:1    | Found Xideot's CLEARANCE SALE!.
 79362 | Zot:2    | Noticed Vv
 79375 | Zot:2    | Killed Vv
 80112 | Zot:3    | Noticed an orb of fire
 80127 | Zot:3    | Gained mutation: You are occasionally teleported next to
                  | monsters. [an orb of fire]
 80128 | Zot:3    | Killed an orb of fire
 80294 | Zot:2    | Lost mutation: You have a beak for a mouth. [potion of
                  | mutation]
 80294 | Zot:2    | Lost mutation: Your magical capacity is low. (-10% MP)
                  | [potion of mutation]
 80294 | Zot:2    | Gained mutation: Your body sometimes deteriorates upon
                  | taking damage. [potion of mutation]
 80294 | Zot:2    | Gained mutation: You have large cloven feet. [potion of
                  | mutation]
 80295 | Zot:2    | Lost mutation: Your muscles are strong. (Str +2) [potion of
                  | mutation]
 80295 | Zot:2    | Lost mutation: You are occasionally teleported next to
                  | monsters. [potion of mutation]
 80295 | Zot:2    | Lost mutation: You have large cloven feet. [potion of
                  | mutation]
 80295 | Zot:2    | Gained mutation: Your spells are a little harder to cast,
                  | but a little more powerful. [potion of mutation]
 80606 | Zot:3    | Noticed an orb of fire
 80617 | Zot:3    | Killed an orb of fire
 80618 | Zot:3    | Reached XP level 27. HP: 256/273 MP: 0/29
 80746 | Zot:3    | Gained mutation: Your flesh is heat resistant. (rF+)
                  | [hidden potential]
 81660 | Zot:4    | Received a gift from Trog
 82336 | Zot:5    | Entered Level 5 of the Realm of Zot
 82360 | Zot:5    | Found a runed translucent gate.
 82361 | Zot:5    | Found a runed translucent gate.
 82361 | Zot:5    | Found a runed translucent gate.
 82362 | Zot:5    | Found an opulent altar of Gozag.
 82363 | Zot:5    | Noticed Ytolar's ghost (legendary DsFi)
 82363 | Zot:5    | Noticed an orb of fire
 82392 | Zot:5    | Killed an orb of fire
 82426 | Zot:5    | Killed Ytolar's ghost
 82705 | Depths:3 | Voluntarily entered the Abyss.
 82759 | Abyss:1  | Found a hide-covered altar of Uskayaw.
 82956 | Abyss:1  | Found a corrupted altar of Lugonu.
 83205 | Abyss:3  | Found a corrupted altar of Lugonu.
 83267 | Abyss:3  | Paralysed by accursed screaming for 1 turns
 83908 | Abyss:3  | Gained mutation: You are frail. (-10% HP) [a shining eye]
 84638 | Abyss:3  | Noticed an ancient lich
 84648 | Abyss:3  | Killed an ancient lich
 84986 | Abyss:3  | Found a corrupted altar of Lugonu.
 85001 | Abyss:3  | Got an abyssal rune of Zot
 85032 | Depths:3 | Escaped the Abyss
 85203 | Hell     | Entered the Vestibule of Hell
 85204 | Hell     | Noticed Geryon
 85224 | Hell     | Killed Geryon
 85420 | Hell     | Reached * piety under Trog
 85523 | Hell     | Found a gateway to the ashen valley of Gehenna.
 85674 | Hell     | Found a gateway to the decaying netherworld of Tartarus.
 85746 | Hell     | Found a gateway to the freezing wastes of Cocytus.
 85964 | Hell     | Found a gateway to the Iron City of Dis.
 86056 | Geh:1    | Entered Level 1 of Gehenna
 86737 | Vaults:5 | Entered Level 5 of the Vaults
 86889 | Vaults:5 | Reached skill level 1 in Evocations
 86924 | Vaults:5 | Slain by a flayed ghost

Illustrated notes

Levels and vault maps discovered:
D:1:      dpeg_arrival_houses_and_road, layout_loops_ring,
          ebering_ecumenical_altar_rust
D:2:      layout_loops_corners, minmay_misc_feat_tower,
          hangedman_decor_peaks_small, palyth_stone_intersect
D:3:      layout_rooms, serial_shops, shop, serial_bayou_pond_a,
          kennysheep_crisscross, uniq_sigmund
D:4:      layout_basic, roderic_lattice_a, chequers_big_river,
          supply_closet_lemuel, hex_medium, minmay_misc_feat_rows
D:5:      layout_loops_ring, minmay_temple_entry_from_below_a, uniq_menkaure,
          uniq_blork_the_orc, uniq_edmund, uniq_eustachio, uniq_pikel
D:6:      layout_basic, gammafunk_ghost_hive, serial_shops, shop,
          nicolae_elemental_shop
D:7:      layout_rooms, mainiacjoe_overflow_chevrons
D:8:      cheibrodos_iron_armory, layout_rooms, serial_shops,
          nicolae_shop_statue_plus, hangedman_abyss_or_decor_stabs
D:9:      layout_long_grid, orc_0_dummy, uniq_harold
D:10:     kennysheep_windowed_halls, layout_rooms, david_lair_shrubbed,
          special_room [special_room_orc], uniq_gastronok
D:11:     layout_roguey, minivault_7
D:12:     layout_roguey, kennysheep_kite_vault, uniq_nessos
D:13:     layout_irregular_city, serial_column_ruins, column_ruins_square_small,
          column_ruins_hut_ruined, column_ruins_columns_straight,
          column_ruins_grid_3, column_ruins_grid_1
D:14:     layout_rooms, david_vaults_3, serial_shops, bzr_entry_road,
          nicolae_shop_hallway_stairs, nicolae_benzene_ring, minivault_5,
          nicolae_danse_macabre, uniq_azrael, uniq_agnes, uniq_josephine
D:15:     grunt_enter_depths_snipers, layout_irregular_city,
          lemuel_blue_sif_altar, nzn_life_drinkers, uniq_jorgrun
Temple:   nicolae_temple_the_god_donut
Lair:1:   layout_gridlike, serial_bayou_shore_a, grunt_megastairs_2,
          infiniplex_staircase_pool_2
Lair:2:   layout_regular_city, skrybe_swamp_entry_bodies,
          spider_nest_entry_funnel_web, enter_volcano_3, lemuel_fruit_tree,
          grunt_megastairs_4
Lair:3:   layout_cave_pods, beast_lair_carwin_10
Lair:4:   minmay_lair_venomous_thicket, layout_loops_ring, basic_altar,
          serial_bayou_pond_e, nzn_sisyphean_effort, serial_bayou_shore_b,
          uniq_urug, uniq_kirke
Lair:5:   layout_cave_pods, minmay_slime_entry_pillars, kennysheep_rathole
Lair:6:   minmay_lair_end_enchanted_forest, layout_loops_ring
Swamp:1:  layout_falls_marsh, evilmike_swamp_ruin_house_4
Swamp:2:  layout_basic_swamp, evilmike_swamp_ruin_house_3, swamp_pool5,
          hangedman_swamp_cone, nicolae_swamp_fairy_circle,
          infiniplex_staircase_pool, uniq_aizul, uniq_nikola, uniq_louise
Swamp:3:  layout_basic_swamp, evilmike_swamp_ruin_house_5, uniq_bai_suzhen
Swamp:4:  grunt_swamp_rune_castle, layout_basic_swamp
Spider:1: gammafunk_boulding_lane
Spider:2: layout_chambers, portal_ice_cave_entry_pillars_1,
          hangedman_spider_tarantella_strand
Spider:3: layout_spider_delve, uniq_asterion
Spider:4: hellmonk_spider_rune_endless_swarm
Slime:1:  layout_caves, nicolae_slime_phagocytosis
Slime:2:  layout_caves
Slime:3:  layout_caves
Slime:4:  layout_caves, cheibrodos_slime_lost_civilization_6
Slime:5
Orc:1:    layout_caves, serial_shops, nicolae_diamond_shop
Orc:2:    st_orc_pillars, layout_caves
Elf:1:    elf_arrival_002, layout_geoelf_grid, minmay_elf_demonology,
          minivault_13, uniq_roxanne
Elf:2:    elven_hall_of_blades_hangedman_alternative
          [infiniplex_blade_entry_pillars], layout_rooms, minmay_shop_star
Elf:3:    minmay_elf_hall_spiked, layout_gridlike, serial_shops,
          nicolae_shop_overgrown_old_shop, shop_fountains,
          nicolae_gammafunk_elf_defective_weapons_storage, grunt_megastairs_5
Vaults:1: vaults_mumra_minichess_inversion, nicolae_vaults_little_squares_2,
          nicolae_vaults_border_crossing, ontoclasm_vaults_pinch, kb_rosetta,
          vaults_dpeg_doors, v_misc_22, v_misc_23, v_misc_9,
          vaults_standard_mumra_x, v_rooms_3, vaults_mumra_chevron_long,
          hangedman_vaults_snaps, v_misc_22, vaults_room_hallway,
          vaults_room_pools, layout_vaults_maze_bifur
Vaults:2: portal_desolation_entry_twin_temple, vaults_mumra_minichess,
          nicolae_vaults_what_the_h, minmay_crypt_entry_simple_walls, v_misc_11,
          vaults_room_corners, layout_vaults_omnigrid
Vaults:3: vaults_room_pool, nicolae_vaults_little_squares_1, vaults_mumra_hex,
          nicolae_vaults_circle_grid_b, v_misc_9,
          nicolae_vaults_little_squares_2, nicolae_vaults_yaktaur_gun_rack,
          grunt_vaults_hallway_long, vaults_room_boxed, v_misc_12,
          nicolae_vaults_stairing_the_circle, ontoclasm_vaults_hangar, st_check,
          layout_vaults_ring, uniq_sojobo
Vaults:4: vaults_room_hangedman_quadrants, ontoclasm_vaults_hangar,
          ontoclasm_vaults_claustrophobia, nicolae_vaults_little_squares_3,
          vaults_room_grid, v_misc_12, nicolae_vaults_disjoint_gnomons,
          dpeg_vaults_monster_box, layout_vaults_omnicross
Vaults:5
Crypt:1:  layout_rooms, uniq_jory
Crypt:2:  layout_regular_city, st_small_mortuary
Crypt:3:  evilmike_haunted_forest
Depths:1: evilmike_library_of_no_secrets, layout_basic, rand_demon_pan_entry_3,
          nicolae_qazlal_general_emergency, pf_hell_entry_tar_spiral,
          hangedman_cracks_in_the_wall
Depths:2: grunt_runaround [grunt_runaround_doors_1, grunt_runaround_doors_2,
          grunt_runaround_doors_3, grunt_runaround_doors_4,
          grunt_runaround_loot], hell_entry, pan_entry
Depths:3: nicolae_cairo_tiling_large, layout_gridlike, elyvilon_altar_4,
          abyss_entry_crystal, hell_entry, minmay_shop_grove,
          infiniplex_staircase_zigzag_1
Depths:4: evilmike_zot_entry_basic, layout_cave_pools,
          grunt_hell_entry_dis_grunt, serial_shops, shop_fountains,
          mu_enter_wizlab_3, fedhas_altar_fruit_tree, guppyfry_shop_venom,
          minmay_shoptagon, serial_bayou_shore_b, uniq_xtahua
Hell
Geh:1:    layout_gehenna_pools_box
Zot:1:    layout_onion_interference, nicolae_shop_clearance
Zot:2:    layout_misc_corridors, uniq_vv
Zot:3:    layout_gridlike, skrybe_zot_glass_1
Zot:4:    layout_gridlike
Zot:5:    layout_basic, ebering_ghost_gozag

Skill      XL: |  1  2  3  4  5  6  7  8  9 10 11 12 13 14 15 16 17 18 19 20 21 22 23 24 25 26 27 |
---------------+----------------------------------------------------------------------------------+-----
Fighting       | 4 5 6 7 8 10 11 13 15 17 18 20 22 23 25 27 | 27.0
Axes           | 5 7 8 10 11 13 15 17 19 21 22 23 24 26 27 | 27.0
Armour         | 3 4 5 6 8 9 10 11 13 14 15 16 17 18 19 21 24 27 | 27.0
Crossbows      | 4 10 13 15 17 20 | 20.1
Dodging        | 5 12 14 16 18 | 18.7
Spellcasting   | 4 7 |  7.3
Evocations     | 1 |  1.1

Action                   |  1- 3 |  4- 6 |  7- 9 | 10-12 | 13-15 | 16-18 | 19-21 | 22-24 | 25-27 || total
-------------------------+-------+-------+-------+-------+-------+-------+-------+-------+-------++-------
Melee: Hand axe          |   126 |   124 |       |       |       |       |       |       |       ||   250
       War axe           |       |     3 |   213 |       |       |       |       |       |       ||   216
       Punch             |       |     1 |     1 |       |       |       |       |       |       ||     2
       Battleaxe         |       |       |    29 |   523 |  1146 |   248 |   149 |       |       ||  2095
       Executioner's axe |       |       |       |       |       |  1080 |   977 |  1398 |  2301 ||  5756
       Peck              |       |       |       |       |       |       |       |       |   119 ||   119
 Fire: Arbalest          |       |       |       |       |       |       |     4 |       |       ||     4
Invok: Berserk           |     3 |     3 |    10 |    18 |    30 |    24 |    16 |     7 |    14 ||   125
       Trog's Hand       |       |       |       |     2 |       |       |       |       |     2 ||     4
Evoke: Wand              |       |       |       |     2 |       |       |       |       |     2 ||     4
       Condenser vane    |       |       |       |       |       |       |       |     2 |     3 ||     5
  Use: Scroll            |     4 |     9 |     3 |     4 |    14 |    15 |     3 |    14 |    10 ||    76
       Potion            |       |       |     1 |     7 |     7 |     6 |     6 |     4 |    13 ||    44
 Stab: Sleeping          |     2 |       |       |       |       |       |       |       |       ||     2
       Invisible         |       |       |       |       |     6 |    42 |     7 |    21 |    33 ||   109
       Petrified         |       |       |       |       |       |       |       |     2 |       ||     2
       Confused          |       |       |       |       |       |       |       |     2 |     2 ||     4
       Distracted        |       |       |       |       |       |       |       |       |     3 ||     3
Armor: Animal skin       |    37 |       |       |       |       |       |       |       |       ||    37
       Plate armour      |     1 |    84 |   178 |   404 |   736 |    10 |       |       |       ||  1413
       Skin              |       |       |       |     9 |       |       |       |       |       ||     9
       Crystal plate arm |       |       |       |       |       |   888 |   765 |   765 |  1408 ||  3826
Dodge: Dodged            |    93 |    37 |    80 |   205 |   345 |   540 |   507 |   650 |  1336 ||  3793
Block: Other             |       |       |       |    55 |   225 |   218 |   153 |       |       ||   651
       Reflection        |       |       |       |     1 |     3 |     3 |    11 |       |       ||    18

Table legend: (Time is in decaauts)
 A = Elapsed time spent in this place.
 B = Non-inter-level travel time spent in this place.
 C = Inter-level travel time spent in this place.
 D = Time resting spent in this place.
 E = Time spent auto-exploring this place.
 F = Levels seen in this place.
 G = Mean time per level.
                   A        B        C        D        E       F      G
               +--------+--------+--------+--------+--------+-----+--------+
         Total |  85879 |  77547 |   8332 |  13197 |  50904 |  67 | 1281.8 |
       Dungeon |  21431 |  18617 |   2814 |   4569 |  11208 |  15 | 1428.7 |
        Temple |    253 |    237 |     16 |      0 |    222 |   1 |  253.0 |
          Lair |  11131 |   9901 |   1230 |   1886 |   6522 |   6 | 1855.2 |
         Swamp |   4646 |   4555 |     91 |   1560 |   2381 |   4 | 1161.5 |
   Spider Nest |   5692 |   5243 |    449 |    638 |   3676 |   4 | 1423.0 |
    Slime Pits |   2975 |   2717 |    258 |    451 |   1757 |   5 |  595.0 |
  Orcish Mines |   2450 |   2012 |    438 |    567 |   1086 |   2 | 1225.0 |
   Elven Halls |   4628 |   4322 |    306 |    535 |   3078 |   3 | 1542.7 |
        Vaults |   7672 |   6748 |    924 |    362 |   5194 |   5 | 1534.4 |
         Crypt |   5840 |   5295 |    545 |    416 |   4106 |   3 | 1946.7 |
        Depths |   8237 |   7304 |    933 |   1466 |   4672 |   4 | 2059.2 |
          Hell |    704 |    669 |     35 |     30 |    487 |   1 |  704.0 |
       Gehenna |    332 |    317 |     15 |      0 |    258 |   1 |  332.0 |
           Zot |   4181 |   3907 |    274 |    336 |   2951 |   5 |  836.2 |
         Abyss |   2767 |   2767 |      0 |      2 |   1337 |   4 |  691.8 |
        Bazaar |    118 |    118 |      0 |      0 |    107 |   1 |  118.0 |
      Ice Cave |   1266 |   1266 |      0 |    263 |    841 |   1 | 1266.0 |
       Volcano |    298 |    298 |      0 |    111 |    102 |   1 |  298.0 |
    Desolation |   1249 |   1249 |      0 |      1 |    914 |   1 | 1249.0 |
               +--------+--------+--------+--------+--------+-----+--------+

Top non-repeatable levels by time:
 Crypt:3: 3727 daAuts
    D:10: 3014 daAuts
Depths:2: 2814 daAuts
  Lair:6: 2612 daAuts
Depths:1: 2374 daAuts
Vaults:1: 2184 daAuts
   Elf:3: 2175 daAuts
Vaults:3: 2084 daAuts
    D:15: 2027 daAuts
Spider:4: 1985 daAuts
  Lair:5: 1976 daAuts
Depths:3: 1961 daAuts
     D:5: 1870 daAuts
  Lair:3: 1837 daAuts
    D:11: 1817 daAuts
